 Dungeon Crawl Stone Soup version 0.31-b1-22-gc680215f68 (webtiles) character file.

Game seed: 7443427860099620371

32243 groovy9 the Severer (level 13, -1/83 (86) HPs)
             Began as a Gargoyle Berserker on Jan 18, 2024.
             Was a High Priest of Trog.
             Slain by a freezing wraith (10 damage)
             ... in an ice cave.
             The game lasted 00:39:49 (10339 turns).

groovy9 the Severer (Gargoyle Berserker)           Turns: 10339, Time: 00:39:49

HP:   -1/83 (86)    AC: 26    Str: 31    XL:     13   Next: 63%
MP:   13/13         EV: 10    Int:  9    God:    Trog [*****.]
Gold: 725           SH:  0    Dex:  9    Spells: 12/12 levels left

rFire   + . .        z - +6 battleaxe (spect)
rCold   + . .        (shield currently unavailable)
rNeg    + . .        G - +3 chain mail
rPois   ∞            (no helmet)
rElec   +            y - scarf {rC+ rF+}
rCorr   .            k - +0 pair of gloves
SInv    .            (no boots)
Will    .....        c - amulet of faith Stlth
                     e - +4 ring of slaying
HPRegen 0.33/turn    m - +6 ring of strength
MPRegen 0.13/turn

%: faith
@: on berserk cooldown, slowed, lightly drained, very slow
A: sickness immunity, AC +9, negative energy resistance 1, electricity
resistance, torment resistance 1, petrification resistance
a: Renounce Religion, Berserk, Trog's Hand, Brothers in Arms


You were in an ice cave.
You worshipped Trog.
Trog was extremely pleased with you.
You visited 3 branches of the dungeon, and saw 13 of its levels.
You also visited: Ice Cave.

You collected 785 gold pieces.
You spent 60 gold pieces at shops.

Inventory:

Hand Weapons
 q - a +3 war axe
 z - a +6 spectral battleaxe (weapon)
Armour
 i - an orb of light
 k - a +0 pair of gloves (worn)
 y - a scarf of resistance (worn)
 B - a +2 cloak of preservation
 G - a +3 chain mail (worn)
 J - a +2 tower shield of cold resistance
Jewellery
 c - an amulet of faith (around neck)
 e - a +4 ring of slaying (left hand)
 m - a +6 ring of strength (right hand)
 H - an amulet of reflection
 I - an amulet of regeneration
Wands
 b - a wand of paralysis (15)
 f - a wand of flame (18)
 l - a wand of iceblast (6)
 t - a wand of light (13)
 v - a wand of polymorph (5)
Scrolls
 a - a scroll of summoning
 g - 3 scrolls of teleportation
 j - 3 scrolls of immolation
 r - a scroll of enchant armour {unknown}
 A - 3 scrolls of revelation
 D - a scroll of fog {unknown}
 E - 2 scrolls of identify
 F - a scroll of blinking {unknown}
Potions
 d - 6 potions of curing
 n - 2 potions of haste
 o - a potion of resistance
 s - 2 potions of mutation {unknown}
 u - 2 potions of might
 x - a potion of degeneration {unknown}
 C - a potion of enlightenment
Miscellaneous
 p - a phial of floods
 w - a lightning rod (4/4)


   Skills:
 + Level 12.3 Fighting
 + Level 15.9 Axes
 + Level 12.0 Armour
 - Level 1.5 Dodging


You had 12 spell levels left.
You didn't know any spells.
Your spell library was empty.

Dungeon Overview and Level Annotations

Branches:
Dungeon (9/15)             Temple (1/1) D:4            Lair (4/5) D:9
  Snake (0/4) Lair:2        IceCv (1/1)
  Swamp: Lair:2-3    Shoals: Lair:2-3     Slime: Lair:4-5       Orc: D:9-12

Altars:
Ashenzari
Cheibriados
Dithmenos
Elyvilon
Fedhas
Gozag
Hepliaklqana
Kikubaaqudgha
Makhleb
Nemelex Xobeh
Okawaru
Qazlal
Ru
Sif Muna
Trog
Uskayaw
Vehumet
Wu Jian
Xom
Yredelemnul
Zin
The Shining One

Shops:
D:9 (((!(

Annotations:
Lair:1 2 transporters


Innate Abilities, Weirdness & Mutations

You are immune to sickness and miasma.
Your stone body is resilient. (AC +9)
You are immune to poison.
You resist negative energy. (rN+)
You are resistant to electric shocks. (rElec)
You are resistant to unholy torment.
You are immune to petrification.


Message History

Your +6 spectral battleaxe disappears.
You slice the ice devil!!
The ice devil is heavily wounded.
Your +6 spectral battleaxe misses the ice devil.
Your skin stops crawling.
You feel less strong-willed. The ice devil barely misses you.
You barely miss the ice devil.
The ice devil is moderately wounded.
Your +6 spectral battleaxe hits the ice devil but does no damage.
The ice devil barely misses you.
The ice devil hits you but does no damage.
You closely miss the ice devil.
The ice devil is moderately wounded.
Your +6 spectral battleaxe hits the ice devil.
The ice devil hits you! The ice devil freezes you! You resist.
The necromancer mumbles some strange words.
The necromancer binds the souls of nearby monsters.
You hit the ice devil but do no damage.
The ice devil is heavily wounded.
Your +6 spectral battleaxe hits the ice devil!
The ice devil hits your +6 spectral battleaxe!
Your spectral weapon shares its damage with you!
The ice devil freezes your +6 spectral battleaxe.
Your +6 spectral battleaxe resists.
Your spectral weapon shares its damage with you!
You slice the ice devil!!
You kill the ice devil!
Trog accepts your kill.
Your +6 spectral battleaxe disappears.
The necromancer mumbles some strange words.
The necromancer binds the souls of nearby monsters.
The necromancer casts a spell at you.
The bolt of negative energy hits the freezing wraith.
The freezing wraith completely resists.
The bolt of negative energy hits you! You partially resist.
You feel drained.
* * * LOW HITPOINT WARNING * * *
The freezing wraith hits you.
* * * LOW HITPOINT WARNING * * *
The freezing wraith freezes you! You resist.
You die...

##.## #..#
##..# #..#
######..##
##.## ##..###
##..# #..##.##
#..##
#..#...##
##.##
###..#.)..#
##..#
##.###...#...
#..##
#....###..#.4Z
##.@##.4..p.
#####8Z
##W##..4.# ZZ
#.p#....# ..
##...4..# .
#..^...# .
##.....#
###....#
##..... ##...#


You could see a freezing wraith and a necromancer.

Vanquished Creatures
  A hydra (Lair:2)
  2 boulder beetles
  A catoblepas (Lair:4)
  A skyshark (Lair:4)
  Pikel (D:7)
  3 ugly things
  A salamander (Lair:2)
  Maurice (D:7)
  2 manticores
  6 elephants (Lair:2)
  An ice statue (IceCv)
  A gargoyle (D:7)
  A black mamba (Lair:2)
  5 cane toads
  2 freezing wraiths (IceCv)
  Maggie (D:9)
  2 komodo dragons
  3 rime drakes
  An anaconda simulacrum (IceCv)
  10 ice devils (IceCv)
  A kobold demonologist (D:7)
  A troll (D:7)
  A polar bear (Lair:2)
  Grinder (D:3)
  A hornet (D:7)
  A wraith (D:7)
  A dire elephant simulacrum (IceCv)
  2 wyverns
  31 yaks
  3 steam dragons
  3 vampire mosquitoes (D:7)
  6 death yak simulacra (IceCv)
  A harpy simulacrum (IceCv)
  A basilisk (Lair:1)
  An acid dragon (D:7)
  15 water moccasins
  A hydra simulacrum (IceCv)
  6 black bears
  5 orc warriors
  4 sky beasts
  19 wolves
  3 ogres
  4 centaurs
  A lemure (D:7)
  A phantom (D:6)
  A kobold brigand (D:8)
  8 bullfrogs
  3 cane toad simulacra (IceCv)
  3 gnoll sergeants
  3 scorpions
  8 wights (D:8)
  25 killer bees
  3 elephant simulacra (IceCv)
  2 howler monkeys
  3 lava snakes (Lair:2)
  3 hounds
  2 gnoll boudas
  3 jellies (D:7)
  8 orc priests
  Crazy Yiuf (D:3)
  7 orc wizards
  2 iguanas
  4 sleepcaps
  2 polar bear simulacra (IceCv)
  A wolf simulacrum (IceCv)
  4 adders
  24 gnolls
  A shadow imp (D:6)
  5 white imps
  3 ufetubi
  A dart slug (D:2)
  4 ribbon worms
  34 orcs
  6 ball pythons
  6 endoplasms
  2 giant cockroaches (D:2)
  14 goblins
  7 hobgoblins
  11 kobolds
  4 quokkas
  5 bats
  2 frilled lizards
  2 rats (D:1)
387 creatures vanquished.

Vanquished Creatures (others)
  2 spectral weapons
2 creatures vanquished.

Grand Total: 389 creatures vanquished

Notes
Turn   | Place    | Note
-------+----------+-------------------------------------------
     0 | D:1      | groovy9 the Gargoyle Berserker began the quest for the Orb.
     0 | D:1      | Reached XP level 1. HP: 14/14 MP: 1/1
    54 | D:1      | Reached skill level 3 in Axes
   144 | D:1      | Reached XP level 2. HP: 19/19 MP: 2/2
   284 | D:1      | Found a faded altar of an unknown god.
   500 | D:1      | Reached XP level 3. HP: 23/23 MP: 3/3
   684 | D:2      | Reached ** piety under Trog
   780 | D:2      | Reached skill level 4 in Axes
  1375 | D:3      | Noticed Grinder
  1383 | D:3      | Killed Grinder
  1384 | D:3      | Reached skill level 6 in Axes
  1384 | D:3      | Reached XP level 4. HP: 28/28 MP: 4/4
  1384 | D:3      | Reached XP level 5. HP: 32/32 MP: 5/5
  1384 | D:3      | Reached XP level 6. HP: 37/37 MP: 6/6
  2003 | D:3      | Reached *** piety under Trog
  2071 | D:3      | Found a runed translucent door.
  2072 | D:3      | Noticed Crazy Yiuf
  2078 | D:3      | Killed Crazy Yiuf
  2231 | D:4      | Found a staircase to the Ecumenical Temple.
  2243 | Temple   | Entered the Ecumenical Temple
  2293 | D:4      | Reached skill level 7 in Axes
  2293 | D:4      | Reached XP level 7. HP: 37/41 MP: 7/7
  2668 | D:4      | Found a sacrificial altar of Ru.
  2784 | D:5      | Entered Level 5 of the Dungeon
  2972 | D:5      | Reached skill level 8 in Axes
  3190 | D:5      | Reached XP level 8. HP: 46/46 MP: 8/8
  3490 | D:6      | Reached skill level 9 in Axes
  3898 | D:6      | Reached **** piety under Trog
  3899 | D:6      | Reached skill level 10 in Axes
  4449 | D:7      | Reached XP level 9. HP: 46/51 MP: 9/9
  4482 | D:7      | Noticed a gargoyle
  4487 | D:7      | Killed a gargoyle
  4496 | D:7      | Noticed a green ugly thing
  4503 | D:7      | Killed a green ugly thing
  4504 | D:7      | Reached skill level 5 in Fighting
  4504 | D:7      | Reached skill level 11 in Axes
  4691 | D:7      | Reached skill level 5 in Armour
  4697 | D:7      | Noticed a kobold demonologist
  4699 | D:7      | Reached XP level 10. HP: 47/60 MP: 10/10
  4706 | D:7      | Noticed a manticore
  4714 | D:7      | Killed a manticore
  4715 | D:7      | Reached skill level 12 in Axes
  4717 | D:7      | Killed a kobold demonologist
  4802 | D:7      | Noticed Maurice
  4836 | D:7      | Killed Maurice
  5004 | D:7      | Found a basalt altar of Yredelemnul.
  5335 | D:7      | Reached XP level 11. HP: 32/67 MP: 11/11
  5416 | D:7      | Noticed a green ugly thing
  5426 | D:7      | Killed a green ugly thing
  5427 | D:7      | Reached skill level 13 in Axes
  5469 | D:7      | Found an opulent altar of Gozag.
  5470 | D:7      | Found a hide-covered altar of Uskayaw.
  5472 | D:7      | Found a glowing golden altar of the Shining One.
  5472 | D:7      | Found a radiant altar of Vehumet.
  5749 | D:7      | Noticed Pikel
  5755 | D:7      | Killed Pikel
  6116 | D:8      | Found a hazy altar of Hepliaklqana.
  6121 | D:8      | Noticed a manticore
  6127 | D:8      | Killed a manticore
  6448 | D:8      | Reached ***** piety under Trog
  6957 | D:9      | Found a blossoming altar of Fedhas.
  6959 | D:9      | Found a bloodstained altar of Trog.
  7252 | D:9      | Found Xouckou's Distillery.
  7253 | D:9      | Found Ineorer's Weapon Shoppe.
  7286 | D:9      | Bought a potion of enlightenment for 60 gold pieces
  7325 | D:9      | Found a staircase to the Lair.
  7353 | D:9      | Found Axzur's Weapon Shop.
  7430 | D:9      | Noticed Maggie
  7446 | D:9      | Killed Maggie
  7456 | D:9      | Found Aneazop's Weapon Boutique.
  7679 | D:9      | Reached skill level 14 in Axes
  7734 | D:9      | Found Liosm's Antique Weapon Shoppe.
  7995 | Lair:1   | Entered Level 1 of the Lair of Beasts
  8138 | Lair:1   | Reached XP level 12. HP: 67/76 MP: 12/12
  8272 | Lair:1   | Found a transporter.
  8348 | Lair:1   | Found a transporter.
  8695 | Lair:1   | Noticed a boulder beetle
  8702 | Lair:1   | Killed a boulder beetle
  8702 | Lair:1   | Reached ****** piety under Trog
  8702 | Lair:1   | Received a gift from Trog
  8703 | Lair:1   | Reached skill level 10 in Fighting
  9133 | Lair:2   | Reached skill level 15 in Axes
  9133 | Lair:2   | Noticed a boulder beetle
  9139 | Lair:2   | Reached skill level 10 in Armour
  9143 | Lair:2   | Killed a boulder beetle
  9302 | Lair:2   | Identified the +3 scale mail of the Evening {Int+2 Dex+4}
  9330 | Lair:2   | Noticed a four-headed hydra
  9346 | Lair:2   | Killed an eight-headed hydra
  9407 | Lair:2   | Reached XP level 13. HP: 59/84 MP: 13/13
  9620 | Lair:2   | Found a staircase to the Snake Pit.
  9748 | Lair:2   | You fall into a shaft and drop 2 floors!
  9991 | Lair:4   | Found a frozen archway.
 10001 | IceCv    | Entered an ice cave
 10149 | IceCv    | Found an ancient bone altar of Kikubaaqudgha.
 10162 | IceCv    | Received a gift from Trog
 10339 | IceCv    | Slain by a freezing wraith

Illustrated notes

Levels and vault maps discovered:
D:1:      sevenhm_arrival_forest_fort_large_2, layout_rooms,
          ebering_ecumenical_altar_rust, item_on_display_a
D:2:      layout_loops_ring, kennysheep_decorative_pillar
D:3:      layout_loops_ring, uniq_grinder, uniq_crazy_yiuf_cottage
D:4:      layout_rooms, kennysheep_mini_moat, temple_fountains,
          minmay_misc_feat_cross
D:5:      layout_gridville
D:6:      layout_loops_ring, serial_library_hellmonk_statue_hall
D:7:      minmay_the_grid_octo_tiled_octocenter
          [minmay_the_grid_octo_vomiting_pacman, minmay_the_grid_octo_pinwheel,
          minmay_the_grid_octo_clover, minmay_the_grid_octo_odd_swirl,
          minmay_the_grid_octo_prize_star, minmay_the_grid_square_5x5_empty,
          minmay_the_grid_square_5x5_c,
          minmay_the_grid_square_5x5_almost_minimal,
          minmay_the_grid_square_5x5_two_walls_a], layout_basic,
          mainiacjoe_overflow_alcove_3, enter_bailey_5, uniq_maurice, uniq_pikel
D:8:      layout_basic, mainiacjoe_overflow_tiny_flanked
D:9:      layout_loops_ring, mainiacjoe_overflow_catwalk_spiral,
          lair_entry_dummy, serial_shops, shop_fountains, shop, kennysheep_mini,
          shop, shop, serial_rivers, chequers_serial_rivers_small_3,
          chequers_serial_rivers_marsh, chequers_serial_rivers_large_b,
          chequers_serial_rivers_micro_e, chequers_serial_rivers_room_a,
          chequers_serial_rivers_micro_e, uniq_maggie
Temple:   nicolae_temple_great_sept
Lair:1:   gammafunk_cloud_chamber, layout_loops_ring, grunt_megastairs_1
Lair:2:   layout_roguey, nicolae_snake_entry_warm_welcome,
          dreamdust_mushroom_princess, beast_lair_carwin_7, grunt_megastairs_3,
          infiniplex_staircase_pool_2
Lair:4:   layout_layer_cave, minmay_slime_entry_oklob_enclosed,
          portal_ice_cave_entry_pillars_1
IceCv:    ice_cave_small_necro

Skill      XL: |  1  2  3  4  5  6  7  8  9 10 11 12 13 |
---------------+----------------------------------------+-----
Axes           | 3 6 7 8 10 11 12 14 15 | 15.9
Armour         | 5 7 8 10 12 | 12.0
Fighting       | 5 7 9 11 12 | 12.3
Dodging        | |  1.5

Action                     |  1- 3 |  4- 6 |  7- 9 | 10-12 | 13-15 || total
---------------------------+-------+-------+-------+-------+-------++-------
  Melee: Hand axe          |    97 |    60 |    31 |       |       ||   188
         War axe           |       |       |   137 |   323 |       ||   460
         Battleaxe         |       |       |       |   132 |    89 ||   221
 Invoke: Berserk           |     1 |     2 |     7 |     9 |     4 ||    23
         Trog's Hand       |       |       |     4 |     5 |     3 ||    12
    Use: Scroll            |       |       |    12 |     5 |       ||    17
         Potion            |       |       |     1 |       |     1 ||     2
   Stab: Distracted        |       |       |       |     2 |     3 ||     5
 Armour: Animal skin       |    32 |       |       |       |       ||    32
         Ring mail         |    26 |       |       |       |       ||    26
         Scale mail        |     2 |    12 |       |       |       ||    14
         Chain mail        |       |    15 |   156 |   231 |    87 ||   489
         Plate armour      |       |       |       |   137 |       ||   137
  Dodge: Dodged            |    52 |    25 |    66 |   159 |    26 ||   328
